 Dungeon Crawl Stone Soup version 0.25.1-2-g60ff931df9 (webtiles) character file.

Game seed: 2555274357712201128

2975 gbos the Cleaver (level 9, -1/72 HPs)
             Began as a Demonspawn Berserker on Nov 16, 2020.
             Was a High Priest of Trog.
             Slain by a hornet (5 damage)
             ... while paralysed by a hornet
             ... on level 8 of the Dungeon.
             The game lasted 00:01:27 (7469 turns).

gbos the Cleaver (Demonspawn Berserker)             Turns: 7469, Time: 00:01:28

Health: -1/72      AC: 17    Str: 21    XL:     9   Next: 53%
Magic:  9/9        EV:  2    Int:  9    God:    Trog [*****.]
Gold:   384        SH:  0    Dex: 12    Spells: 8/8 levels left

rFire    + . .     SeeInvis .   Y - +0 war axe
rCold    . . .     Gourm    .   (no shield)
rNeg     . . .     Faith    +   o - +0 plate armour
rPois    .         Spirit   .   (helmet unavailable)
rElec    .         Reflect  .   (no cloak)
rCorr    .         Harm     .   i - +2 pair of gloves
MR       .....                  (no boots)
Stlth    ..........             g - amulet of faith
HPRegen  0.22/turn              c - ring of protection from fire
MPRegen  0.11/turn              (no ring)

@: paralysed, lethally poisoned (-1 -> -20), about to teleport, berserk
cooldown, slowed
A: horns 3, thin metallic scales 1, nightstalker 2
a: Berserk, Trog's Hand, Brothers in Arms, Renounce Religion


You were on level 8 of the Dungeon.
You worshipped Trog.
Trog was extremely pleased with you.
You were not hungry.

You visited 1 branch of the dungeon, and saw 8 of its levels.

You collected 384 gold pieces.


Innate Abilities, Weirdness & Mutations

You have a pair of large horns on your head.
You are partially covered in thin metallic scales. (AC +2)
You are significantly more attuned to the shadows.


   Skills:
 - Level 7.1 Fighting
 - Level 10.2 Axes
 + Level 4.2 Armour
 - Level 2.2 Dodging


You had 8 spell levels left.
You didn't know any spells.
Your spell library was empty.

Inventory:

Hand Weapons
 b - a +1 hand axe of flaming
 Y - a +0 war axe (weapon)
Armour
 i - a +2 pair of gloves (worn)
 o - a +0 plate armour (worn)
Jewellery
 c - a ring of protection from fire (left hand)
 g - an amulet of faith (around neck)
Scrolls
 a - 5 scrolls of remove curse
 f - a scroll of identify
Potions
 j - 5 potions of curing
 l - 4 potions of heal wounds
Comestibles
 e - 5 rations

Dungeon Overview and Level Annotations

Branches:
Dungeon (8/15)             Temple (0/1) D:5
   Lair: D:8-11

Altars:
Ashenzari
Dithmenos
Fedhas
Gozag
Hepliaklqana
Kikubaaqudgha
Nemelex Xobeh
Okawaru
Sif Muna
Uskayaw
Wu Jian
Yredelemnul
The Shining One


Message History

You feel as though you will be slow longer.
7467 ||| READING scroll of teleportation.
As you read the scroll of teleportation, it crumbles to dust.
You feel strangely unstable.
You feel sick.
The hornet stings you but does no damage.
The hornet stings you!
You are lethally poisoned!
You feel as though you will be slow longer.
The hornet stings you but does no damage.
The hornet stings you!
You feel as though you will be slow longer.
The hornet stings you.
You suddenly lose the ability to move!
You feel sick.
The hornet stings you but does no damage.
The hornet barely misses you.
You feel sick. The hornet stings you.
You feel as though you will be slow longer.
The hornet stings you.
You die...

#.#.#.#
##.#.#.##
.........# #.#
#####.##.# #
#.# ####)##.#
#.## #)...#
#.. #.#### #.#
#...# #.#
#.#.####@##.#
#.#...)yy.....
#.############
###


You could see 2 hornets.

Vanquished Creatures
  A wyvern (D:7)
  A phantom (D:8)
  2 black bears
  2 ice beasts (D:6)
  4 ogres
  3 centaurs
  2 big kobolds (D:7)
  3 bullfrogs
  A water moccasin skeleton (D:5)
  2 scorpions
  6 wights
  A crimson imp (D:7)
  A centaur skeleton (D:4)
  2 hounds
  9 orc priests
  A gnoll shaman (D:6)
  2 iguanas
  4 orc wizards
  Natasha (thrice) (D:2)
  2 bullfrog skeletons
  4 worker ants
  7 gnolls
  A howler monkey skeleton (D:4)
  5 adders
  3 shadow imps
  An ooze (D:2)
  2 worms
  2 dart slugs
  5 leopard geckos
  25 orcs
  7 giant cockroaches
  3 goblins
  8 hobgoblins
  4 jackals
  10 kobolds
  3 quokkas
  A ball python (D:3)
  9 bats
  5 frilled lizards
  9 rats
166 creatures vanquished.

Notes
Turn   | Place    | Note
-------+----------+-------------------------------------------
     0 | D:1      | gbos the Demonspawn Berserker began the quest for the Orb.
     0 | D:1      | Reached XP level 1. HP: 18/18 MP: 1/1
     0 | D:1      | 0 ||| counter = 67
    48 | D:1      | 48 ||| INVOKING Berserk.
   216 | D:1      | Reached skill level 3 in Axes
   274 | D:1      | 274 ||| DROPPING +0 club.
   297 | D:1      | Gained mutation: You are slightly more attuned to the
                  | shadows. [demonic ancestry]
   297 | D:1      | Reached XP level 2. HP: 24/24 MP: 2/2
   921 | D:1      | 921 ||| UPGRADING to leather armour.
   931 | D:1      | 931 ||| DROPPING +0 animal skin.
   932 | D:1      | 932 ||| UPGRADING to +0 ring mail.
   942 | D:1      | 942 ||| DROPPING +0 leather armour.
   943 | D:1      | 943 ||| READING 3 scrolls labeled DUQUCU XEQEK.
   944 | D:1      | 944 ||| READING scroll labeled FUUCKO CEREG.
   945 | D:1      | 945 ||| READING scroll labeled MOELLO GAGELA.
   946 | D:1      | 946 ||| READING scroll labeled EDYOK ADWO.
   947 | D:1      | 947 ||| READING scroll labeled BODDIQ DEOB.
   948 | D:1      | 948 ||| READING scroll labeled VOONIO ZIMUUS.
   952 | D:1      | 952 ||| READING scroll labeled QEMANAR VEIJ.
   953 | D:1      | 953 ||| DRINKING 2 inky potions.
   995 | D:1      | 995 ||| DROPPING potion of lignification.
  1023 | D:2      | Found a shadowy altar of Dithmenos.
  1074 | D:2      | Noticed Natasha
  1101 | D:2      | Noticed a crimson imp
  1103 | D:2      | 1103 ||| INVOKING Berserk.
  1111 | D:2      | Noticed a crimson imp
  1112 | D:2      | Noticed a crimson imp
  1121 | D:2      | Killed Natasha
  1121 | D:2      | Reached skill level 4 in Axes
  1121 | D:2      | Gained mutation: You have a pair of small horns on your
                  | head. [demonic ancestry]
  1121 | D:2      | Reached XP level 3. HP: 16/29 MP: 3/3
  1355 | D:2      | Noticed Natasha
  1358 | D:2      | 1358 ||| INVOKING Berserk.
  1359 | D:2      | Killed Natasha
  1359 | D:2      | Gained mutation: You are significantly more attuned to the
                  | shadows. [demonic ancestry]
  1359 | D:2      | Reached XP level 4. HP: 35/35 MP: 4/4
  1434 | D:2      | Noticed Natasha
  1436 | D:2      | 1436 ||| INVOKING Berserk.
  1440 | D:2      | Killed Natasha
  1516 | D:2      | Reached ** piety under Trog
  1559 | D:2      | Reached skill level 5 in Axes
  1764 | D:2      | Found a sparkling altar of Nemelex Xobeh.
  1887 | D:2      | Found a shimmering blue altar of Sif Muna.
  1947 | D:2      | 1947 ||| UPGRADING to runed robe.
  1957 | D:2      | 1957 ||| UPGRADING to +0 ring mail.
  1967 | D:2      | 1967 ||| DROPPING +0 robe of fire resistance.
  1968 | D:2      | 1968 ||| UPGRADING to chain mail.
  1978 | D:2      | 1978 ||| DROPPING +0 ring mail.
  1979 | D:2      | 1979 ||| UPGRADING to thin malachite amulet.
  1980 | D:2      | 1980 ||| UPGRADING to diamond ring.
  1981 | D:2      | 1981 ||| REMOVING ring of stealth.
  1982 | D:2      | 1982 ||| DROPPING ring of stealth.
  1983 | D:2      | 1983 ||| UPGRADING to agate ring.
  1984 | D:2      | 1984 ||| REMOVING ring of wizardry.
  1985 | D:2      | 1985 ||| DROPPING ring of wizardry.
  1986 | D:2      | 1986 ||| READING scroll labeled BENEGA KIDARPH.
  1987 | D:2      | 1987 ||| READING scroll labeled ONGORU OMIVAD.
  1988 | D:2      | 1988 ||| READING scroll labeled ROUTTE DISUUBB.
  1989 | D:2      | 1989 ||| DRINKING 3 purple potions.
  2027 | D:3      | 2027 ||| STAIRDANCE
  2131 | D:3      | Gained mutation: You have a pair of horns on your head.
                  | [demonic ancestry]
  2131 | D:3      | Reached XP level 5. HP: 27/41 MP: 5/5
  2138 | D:3      | 2138 ||| INVOKING Berserk.
  2308 | D:3      | 2308 ||| DROPPING +0 whip.
  2483 | D:3      | 2483 ||| DROPPING +1 mace of draining.
  2599 | D:3      | Reached skill level 6 in Axes
  2625 | D:3      | Reached *** piety under Trog
  2631 | D:3      | 2631 ||| SWAPPING to +2 hand axe of draining.
  2632 | D:3      | 2632 ||| DROPPING +0 hand axe.
  2643 | D:3      | 2643 ||| INVOKING Berserk.
  2646 | D:3      | Gained mutation: You have a pair of large horns on your
                  | head. [demonic ancestry]
  2646 | D:3      | Reached XP level 6. HP: 47/47 MP: 6/6
  2790 | D:3      | 2790 ||| INVOKING Berserk.
  3143 | D:3      | 3143 ||| DRINKING 2 sedimented green potions.
  3144 | D:3      | 3144 ||| READING 2 scrolls of identify.
  3144 | D:3      | 3144 ||| IDENTIFYING sapphire potion
  3145 | D:3      | 3145 ||| DROPPING potion of flight.
  3146 | D:3      | 3146 ||| DROPPING potion of stabbing.
  3190 | D:4      | 3190 ||| INVOKING Berserk.
  3321 | D:4      | Found a basalt altar of Yredelemnul.
  3689 | D:4      | 3689 ||| INVOKING Berserk.
  3691 | D:4      | Gained mutation: You are partially covered in thin metallic
                  | scales. (AC +2) [demonic ancestry]
  3691 | D:4      | Reached XP level 7. HP: 55/55 MP: 7/7
  3859 | D:4      | 3859 ||| INVOKING Berserk.
  3861 | D:4      | Reached skill level 7 in Axes
  3987 | D:4      | 3987 ||| UPGRADING to notched diamond ring.
  3988 | D:4      | 3988 ||| UPGRADING to glowing coral ring.
  3989 | D:4      | 3989 ||| READING 2 scrolls of remove curse.
  3990 | D:4      | 3990 ||| REMOVING ring of teleportation.
  3991 | D:4      | 3991 ||| DROPPING ring of teleportation.
  3992 | D:4      | 3992 ||| READING scroll labeled TORRAA LEXT.
  3993 | D:4      | 3993 ||| DRINKING 2 smoky yellow potions.
  3994 | D:4      | 3994 ||| DROPPING potion of degeneration.
  4014 | D:5      | Entered Level 5 of the Dungeon
  4185 | D:5      | 4185 ||| INVOKING Berserk.
  4240 | D:5      | Found a staircase to the Ecumenical Temple.
  4309 | D:5      | Found a glowing golden altar of the Shining One.
  4354 | D:5      | Found an opulent altar of Gozag.
  4447 | D:5      | Found a hide-covered altar of Uskayaw.
  4492 | D:5      | Found a hazy altar of Hepliaklqana.
  4562 | D:5      | Found an ornate altar of the Wu Jian Council.
  4566 | D:5      | 4566 ||| INVOKING Berserk.
  4599 | D:5      | 4599 ||| EATING 5 rations.
  4609 | D:5      | Found a blossoming altar of Fedhas.
  4882 | D:5      | 4882 ||| UPGRADING to glowing scarf.
  4887 | D:5      | 4887 ||| UPGRADING to plate armour.
  4897 | D:5      | 4897 ||| DROPPING +0 chain mail.
  4898 | D:5      | 4898 ||| REMOVING scarf of harm.
  4903 | D:5      | 4903 ||| DROPPING scarf of harm.
  4904 | D:5      | 4904 ||| READING scroll labeled XITRIPH CESEWN.
  4905 | D:5      | 4905 ||| DRINKING 3 coppery potions.
  4906 | D:5      | 4906 ||| READING scroll of identify.
  4906 | D:5      | 4906 ||| IDENTIFYING steel ring
  4907 | D:5      | 4907 ||| DROPPING cursed -4 ring of protection.
  5003 | D:6      | Reached **** piety under Trog
  5003 | D:6      | Reached skill level 3 in Armour
  5003 | D:6      | Reached XP level 8. HP: 55/61 MP: 8/8
  5024 | D:6      | Reached skill level 8 in Axes
  5149 | D:6      | Found an ancient bone altar of Kikubaaqudgha.
  5347 | D:6      | 5347 ||| INVOKING Berserk.
  5693 | D:6      | Reached skill level 9 in Axes
  5932 | D:6      | 5932 ||| INVOKING Berserk.
  5936 | D:6      | Found an iron altar of Okawaru.
  5938 | D:6      | Reached skill level 6 in Fighting
  6072 | D:6      | 6072 ||| INVOKING Berserk.
  6078 | D:6      | 6078 ||| EATING 5 rations.
  6172 | D:6      | 6172 ||| SWAPPING to +0 war axe.
  6175 | D:6      | 6175 ||| DROPPING +3 hand axe of draining.
  6320 | D:6      | Reached XP level 9. HP: 69/69 MP: 9/9
  6460 | D:6      | 6460 ||| READING scroll labeled LILITO ICIODU.
  6461 | D:6      | 6461 ||| READING 3 scrolls of identify.
  6461 | D:6      | 6461 ||| IDENTIFYING murky coppery potion
  6462 | D:6      | 6462 ||| READING 2 scrolls of identify.
  6462 | D:6      | 6462 ||| IDENTIFYING bubbling yellow potion
  6463 | D:6      | 6463 ||| DROPPING potion of brilliance.
  6464 | D:6      | 6464 ||| DROPPING potion of mutation.
  6689 | D:7      | 6689 ||| DROPPING +0 flail.
  6709 | D:7      | Reached ***** piety under Trog
  6783 | D:7      | Found a shattered altar of Ashenzari.
  7039 | D:7      | Reached skill level 10 in Axes
  7322 | D:7      | 7322 ||| UPGRADING to pair of glowing gloves.
  7327 | D:7      | 7327 ||| READING 3 scrolls of identify.
  7327 | D:7      | 7327 ||| IDENTIFYING murky yellow potion
  7328 | D:7      | 7328 ||| READING 2 scrolls of identify.
  7328 | D:7      | 7328 ||| IDENTIFYING lumpy inky potion
  7329 | D:7      | 7329 ||| DROPPING potion of berserk rage.
  7330 | D:7      | 7330 ||| DROPPING potion of ambrosia.
  7385 | D:8      | 7385 ||| DROPPING +3 flail.
  7418 | D:8      | 7418 ||| INVOKING Berserk.
  7458 | D:8      | 7458 ||| EATING 6 rations.
  7467 | D:8      | 7467 ||| READING scroll of teleportation.
  7467 | D:8      | HP: 17/72 [hornet (9)]
  7467 | D:8      | Paralysed by a hornet for 3 turns
  7468 | D:8      | HP: 7/72 [poisoned by a hornet]
  7469 | D:8      | Slain by a hornet

Levels and vault maps discovered:
D:1:      grunt_arrival_crossed_arrows, layout_rooms,
          corexii_item_surrounded_by_moat
D:2:      layout_loops_cross, grunt_dithmenos_smoke_and_mirrors,
          nemelex_xobeh_ov_fountains_minmay, lemuel_blue_sif_altar, uniq_natasha
D:3:      layout_loops_cross, first_ration, grunt_ministairs_3
D:4:      layout_cave_pools, old_standard_altar, kennysheep_diamond,
          minivault_26, minivault_1
D:5:      layout_gridville, nicolae_overflow_quartered_altars, minitemple,
          minmay_temple_entry_statues_fountains
D:6:      layout_basic, okawaru_trees_1, kiku_gazebo_pond_becter
D:7:      layout_loops_ring, old_standard_altar
D:8:      layout_basic, hangedman_pestilent_swarm, uniq_pikel, uniq_harold

Skill      XL: |  1  2  3  4  5  6  7  8  9 |
---------------+----------------------------+-----
Axes           | 3 4 5 6 7 9 10 | 10.2
Armour         | 2 3 4 |  4.2
Fighting       | 4 6 7 |  7.1
Dodging        | 2 |  2.2

Action                   |  1- 3 |  4- 6 |  7- 9 || total
-------------------------+-------+-------+-------++-------
Melee: Hand axe          |    66 |   170 |   153 ||   389
       Unarmed           |    13 |       |       ||    13
       Headbutt          |     2 |    33 |    48 ||    83
       War axe           |       |       |   110 ||   110
Invok: Berserk           |     3 |     6 |     7 ||    16
  Use: Scroll            |     7 |     4 |    10 ||    21
       Potion            |     1 |     2 |     2 ||     5
 Stab: Sleeping          |     2 |       |       ||     2
  Eat: Chunk             |     3 |    13 |    11 ||    27
       Ration            |       |       |     3 ||     3
Armor: Animal skin       |     9 |       |       ||     9
       Skin              |     3 |     1 |       ||     4
       Ring mail         |     3 |     9 |       ||    12
       Chain mail        |       |    60 |    16 ||    76
       Plate armour      |       |       |   159 ||   159
Dodge: Dodged            |    48 |    66 |    79 ||   193
